 Dungeon Crawl Stone Soup version 0.30-a0-782-ge64f9170bb (webtiles) character file.

Game seed: 9399266877084678609

476 M4edhros the Trooper (level 7, -2/40 HPs)
             Began as a Vine Stalker Monk on Feb 24, 2023.
             Slain by a scorpion (5 damage)
             ... in an ossuary.
             The game lasted 00:06:03 (814 turns).

M4edhros the Trooper (Vine Stalker Monk)             Turns: 814, Time: 00:06:03

Health: -2/40      AC:  5    Str: 14    XL:     7   Next: 10%
Magic:  0/8        EV: 11    Int: 10    God:
Gold:   53         SH:  0    Dex: 20    Spells: 6/6 levels left

rFire   . . .      SeeInvis .      - Unarmed
rCold   . . .      Faith    .    (no shield)
rNeg    + . .      Spirit   +    g - +0 ring mail
rPois   .          Reflect  .    (no helmet)
rElec   .          Harm     .    (no cloak)
rCorr   .          Rampage  .    f - -1 pair of gloves of Xeacum {rN+ Dex+2}
Will    +....                    (no boots)
Stlth   +                        (no amulet)
HPRegen 1.06/turn                h - ring of willpower
MPRegen 0.11/turn                (no ring)

@: lethally poisoned (-2 -> -2), silenced
A: fangs 2, regeneration 1, magic shield, antimagic bite, no potion heal 2
a: no special abilities


You were in an ossuary.
You visited 2 branches of the dungeon, and saw 6 of its levels.
You also visited: Ossuary.

You collected 53 gold pieces.

Inventory:

Armour
 a - a +0 robe
 f - the -1 pair of gloves of Xeacum (worn) {rN+ Dex+2}
   (You found it on level 2 of the Dungeon)

   Dex:       It affects your dexterity (+2).
   rN:        It protects you from negative energy.
 g - a +0 ring mail (worn)
Jewellery
 h - a ring of willpower (left hand)
Scrolls
 c - 2 scrolls of teleportation {unknown}
 d - a scroll of identify {unknown}
 i - a scroll of fear {unknown}
 j - a scroll of vulnerability {unknown}


   Skills:
 + Level 6.0 Fighting
 - Level 2.4 Dodging
 - Level 2.4 Stealth
 - Level 5.1 Unarmed Combat


You had 6 spell levels left.
You didn't know any spells.
Your spell library was empty.

Dungeon Overview and Level Annotations

Branches:
Dungeon (5/15)             Temple (1/1) D:4         Ossuary (1/1)

Altars:
Ashenzari
Dithmenos
Fedhas
Gozag
Hepliaklqana
Makhleb
Nemelex Xobeh
Qazlal
Ru
Vehumet
Wu Jian
Yredelemnul
Zin
The Shining One

Shops:
D:3 !

Annotations:
D:2 Sigmund


Innate Abilities, Weirdness & Mutations

You have extremely sharp teeth.
Your natural rate of healing is unusually fast.
When hurt, damage is shared between your health and your magic reserves.
Your bite disrupts and absorbs the magic of your enemies.
Potions cannot restore your health.


Message History

* * * LOW HITPOINT WARNING * * *
You are poisoned.
The scorpion poisons you!
There is an open door here.
You feel very sick.
Magic scrolls do not work when you're silenced!
You hit the scorpion but do no damage. Your bite misses the scorpion.
You feel sick.
You feel sick. The scorpion attacks as you move away!
The scorpion closely misses you.
You feel sick.
You feel sick.
The scorpion stings you but does no damage.
You see here a scorpion corpse.
You feel sick.
You feel sick.
You feel sick.
You are no longer poisoned.
The scorpion stings you.
* * * LOW HITPOINT WARNING * * *
The scorpion stings you.
* * * LOW HITPOINT WARNING * * *
You are poisoned.
The scorpion poisons you! The scorpion attacks as you move away!
The scorpion closely misses you.
You feel sick.
There is an open door here.
You feel sick.
Magic scrolls do not work when you're silenced!
Unknown command.
Unknown command.
You aren't carrying any potions.
Sorry, you're not good enough to have a special ability.
Unknown command.
You feel sick.
There is an open door here.
The scorpion attacks as you move away! The scorpion barely misses you.
You feel sick. The scorpion attacks as you move away! The scorpion stings you.
You die...

#...........#.s.#.......#
#...........##'###8.†.8##
#.....8.....#...#.......#
#.....#.....#...ss..8...#
#.....#.....#...#...#Z..#
##'#######s###########'##
#...#...#...#...#...#...#
#...'...#..ss...8...#...#
#...#...#...#@......#...#
##############8...8##...#
#...#...#...#.......#.Z.#
#.∩.'...8...#...8...#.M.#
#...#.......#...#...#...#
##'###8...8###'#######Z##
#...#.......#...#M!?#...
#.∩.#...8...'...#?.?'...#
#...#...#...#...#?!=#...#


You could see 3 scorpions.

Vanquished Creatures
  5 scorpions (Ossuary)
  A centaur zombie (Ossuary)
  A hound (D:5)
  An iguana (D:5)
  2 scorpion zombies (Ossuary)
  A mummy (Ossuary)
  2 gnolls (D:4)
  A dart slug (D:2)
  An endoplasm (D:4)
  2 goblins (D:2)
  A hobgoblin (D:2)
  4 gnoll zombies (Ossuary)
  A goblin zombie (Ossuary)
  3 kobold zombies (Ossuary)
  An orc zombie (Ossuary)
  2 rats (D:2)
29 creatures vanquished.

Notes
Turn   | Place    | Note
-------+----------+-------------------------------------------
     0 | D:1      | M4edhros the Vine Stalker Monk began the quest for the Orb.
     0 | D:1      | Reached XP level 1. HP: 11/11 MP: 2/2
    17 | D:2      | Found a stormy altar of Qazlal.
   126 | D:2      | Identified the -1 pair of gloves of Xeacum {rN+ Dex+2}
   163 | D:2      | Reached XP level 2. HP: 14/16 MP: 3/3
   202 | D:2      | Noticed Sigmund
   206 | D:3      | Found Potuskat's Distillery.
   271 | D:4      | Found a staircase to the Ecumenical Temple.
   293 | Temple   | Entered the Ecumenical Temple
   293 | Temple   | Found a transporter.
   293 | Temple   | Found a transporter.
   299 | Temple   | Found a transporter.
   299 | Temple   | Found a transporter.
   386 | D:4      | Reached XP level 3. HP: 6/19 MP: 1/4
   400 | D:5      | Entered Level 5 of the Dungeon
   441 | D:5      | Gained mutation: Your natural rate of healing is unusually
                  | fast. [Vine Stalker growth]
   441 | D:5      | Reached XP level 4. HP: 13/23 MP: 5/5
   452 | D:5      | HP: 1/23 [iguana (2)]
   458 | D:5      | Reached skill level 5 in Unarmed Combat
   464 | D:5      | Found a sand-covered staircase.
   471 | Ossuary  | Entered an ossuary
   477 | Ossuary  | Noticed a scorpion
   495 | Ossuary  | Reached skill level 3 in Fighting
   513 | Ossuary  | Killed a scorpion
   514 | Ossuary  | Reached XP level 5. HP: 29/29 MP: 4/6
   540 | Ossuary  | Reached skill level 4 in Fighting
   549 | Ossuary  | Reached XP level 6. HP: 34/34 MP: 7/7
   643 | Ossuary  | Reached skill level 5 in Fighting
   754 | Ossuary  | Reached skill level 6 in Fighting
   754 | Ossuary  | Reached XP level 7. HP: 29/40 MP: 6/8
   814 | Ossuary  | Slain by a scorpion

Illustrated notes

Levels and vault maps discovered:
D:1:      amcnicky_arrival_choice, layout_basic, serial_shops,
          nicolae_shop_statue_plus, nicolae_square_shop, shop, shop,
          hellmonk_ecumenical_altar_zigzags, chequers_serial_rivers_micro_a
D:2:      layout_loops_corners, minmay_hexomino_r4, uniq_sigmund
D:3:      layout_rooms, serial_shops, nicolae_shop_trees, nicolae_diamond_shop
D:4:      layout_basic, minmay_temple_entry_glassed_door, serial_shops,
          kennysheep_mini, gammafunk_ghost_arena, kennysheep_boxes, uniq_natasha
D:5:      layout_cave_pods, enter_ossuary_4, wad_floor_pattern_1, uniq_menkaure,
          uniq_eustachio
Temple:   hellmonk_temple_divided_pantheon
Ossuary:  ossuary_minmay_scorpions

Skill      XL: |  1  2  3  4  5  6 |
---------------+-------------------+-----
Unarmed Combat | 4 5 |  5.1
Fighting       | 3 4 6 |  6.0
Dodging        | |  2.4
Stealth        | |  2.4

Action                     |  1- 3 |  4- 6 |  7- 9 || total
---------------------------+-------+-------+-------++-------
  Melee: Unarmed           |    39 |   129 |    11 ||   179
         Bite              |     8 |    48 |     4 ||    60
         Punch             |     1 |     2 |       ||     3
    Use: Potion            |     1 |     1 |     1 ||     3
         Scroll            |       |       |     1 ||     1
   Stab: Sleeping          |     2 |       |       ||     2
 Armour: Ring mail         |     4 |    43 |     7 ||    54
  Dodge: Dodged            |    17 |    49 |    18 ||    84

Table legend: (Time is in decaauts)
 A = Elapsed time spent in this place.
 B = Non-inter-level travel time spent in this place.
 C = Inter-level travel time spent in this place.
 D = Time resting spent in this place.
 E = Time spent auto-exploring this place.
 F = Levels seen in this place.
 G = Mean time per level.
                   A        B        C        D        E       F      G
               +--------+--------+--------+--------+--------+-----+--------+
         Total |    797 |    783 |     14 |      0 |      0 |   7 |  113.9 |
       Dungeon |    403 |    389 |     14 |      0 |      0 |   5 |   80.6 |
        Temple |     64 |     64 |      0 |      0 |      0 |   1 |   64.0 |
       Ossuary |    330 |    330 |      0 |      0 |      0 |   1 |  330.0 |
               +--------+--------+--------+--------+--------+-----+--------+

Top non-repeatable levels by time:
 Ossuary: 330 daAuts
     D:2: 157 daAuts
     D:4: 116 daAuts
     D:5: 68 daAuts
  Temple: 64 daAuts
     D:1: 45 daAuts
     D:3: 14 daAuts
